 Dungeon Crawl Stone Soup version 0.31-a0-188-g5e087ee2ca (webtiles) character file.

Game seed: 2547322700239954772

48 qw the Shooter (level 3, 0/20 HPs)
             Began as a Deep Elf Hunter on June 22, 2023.
             Slain by an adder (3 damage)
             ... on level 2 of the Dungeon.
             The game lasted 00:00:24 (983 turns).

qw the Shooter (Deep Elf Hunter)                     Turns: 983, Time: 00:00:24

Health: 0/20       AC:  3    Str: 10    XL:     3   Next: 50%
Magic:  5/5        EV: 12    Int: 13    God:
Gold:   72         SH:  0    Dex: 18    Spells: 2/2 levels left

rFire   . . .        Y - +0 shortbow
rCold   . . .        (shield currently unavailable)
rNeg    . . .        c - +0 leather armour
rPois   .            (no helmet)
rElec   .            (no cloak)
rCorr   .            (no gloves)
SInv    .            (no boots)
Will    .....        (no amulet)
Stlth   ++           (no ring)
HPRegen 0.23/turn    (no ring)
MPRegen 0.09/turn

%: no passive effects
@: lethally poisoned (0 -> -11)
A: no striking features
a: no special abilities


You were on level 2 of the Dungeon.
You visited 1 branch of the dungeon, and saw 2 of its levels.

You collected 72 gold pieces.


   Skills:
 - Level 1.5 Fighting
 + Level 7.0 Ranged Weapons
 - Level 2.4 Dodging
 - Level 1.2 Stealth


You had 2 spell levels left.
You didn't know any spells.
Your spell library was empty.

Inventory:

Hand Weapons
 Y - a +0 shortbow (weapon)
Armour
 c - a +0 leather armour (worn)
Scrolls
 j - a scroll of identify
Potions
 d - a potion of heal wounds {unknown}
 e - a potion of lignification {unknown}
 f - a potion of curing {unknown}
 i - a potion of might {unknown}

Dungeon Overview and Level Annotations

Branches:
Dungeon (2/15)

Altars:


Message History

You shoot an arrow.
The arrow hits the goblin but does no damage.
The goblin unwields a +0 dagger.
The goblin wields a +0 sling.
The goblin shoots a sling bullet.
The sling bullet hits you.
951 ||| FLEEEEING.
952 ||| STILL FLEEEEING.
Enter note:
953 ||| STILL FLEEEEING.
You start resting.
A goblin is nearby!
You shoot an arrow. The arrow hits the goblin.
You kill the goblin!
You start resting.
HP restored.
An adder comes into view.
Enter note: You shoot an arrow.
The arrow hits the adder but does no damage.
The adder hisses angrily.
You shoot an arrow. The arrow barely misses the adder.
You shoot an arrow. The arrow misses the adder.
The adder bites you.
You are poisoned.
The adder poisons you! The adder bites you.
You are more poisoned.
The adder poisons you!
You shoot an arrow. The arrow misses the adder.
You feel very sick. The adder bites you.
You shoot an arrow. The arrow misses the adder.
You feel sick. The adder bites you.
You are lethally poisoned!
The adder poisons you!
You shoot an arrow.
The arrow hits the adder but does no damage.
You feel very sick. The adder bites you.
You are more poisoned.
The adder poisons you! The adder bites you.
You die...

######## #.S....# #@# ##
########.# ...
.........#
###.###########..#
+................#
#.......######.##
#.......# #... #
#.......##############.#
#.......)......#.......#


You could see an adder.

Vanquished Creatures
  An adder (D:2)
  4 endoplasms
  2 giant cockroaches
  2 goblins
  3 hobgoblins
  7 jackals (D:2)
  3 quokkas
  3 ball pythons (D:1)
  2 frilled lizards (D:1)
  2 kobolds (D:1)
  5 rats (D:1)
34 creatures vanquished.

Notes
Turn   | Place    | Note
-------+----------+-------------------------------------------
     0 | D:1      | qw the Deep Elf Hunter began the quest for the Orb.
     0 | D:1      | Reached XP level 1. HP: 12/12 MP: 3/3
     0 | D:1      | 0 ||| qw: Version: 0.3-a-9-g12657ce
     0 | D:1      | 0 ||| qw: Game counter: 2926
     0 | D:1      | 0 ||| qw: Always use a shield: true
     0 | D:1      | 0 ||| qw: God list: Okawaru
     0 | D:1      | 0 ||| qw: Allow faded altars: false
     0 | D:1      | 0 ||| qw: Do Orc after D:15 true
     0 | D:1      | 0 ||| qw: Do second Lair branch before Depths: true
     0 | D:1      | 0 ||| qw: Lair rune preference: random
     0 | D:1      | 0 ||| qw: Plans: Normal
     0 | D:1      | 0 ||| PLANNING D:1-11
    95 | D:1      | Reached XP level 2. HP: 16/16 MP: 4/4
   116 | D:1      | Reached skill level 6 in Ranged Weapons
   675 | D:1      | 675 ||| READING scroll labelled FAEDGHI IMMI.
   676 | D:1      | 676 ||| READING scroll labelled TUAWAUGG TEPSU.
   677 | D:1      | 677 ||| READING 2 scrolls labelled NUELUU AHUO.
   678 | D:1      | 678 ||| READING scroll labelled XEYTIXTO YRUI.
   681 | D:1      | 681 ||| DROPPING scroll of butterflies.
   722 | D:2      | Reached XP level 3. HP: 20/20 MP: 5/5
   845 | D:2      | 845 ||| FLEEEEING.
   846 | D:2      | 846 ||| FLEEEEING.
   857 | D:2      | 857 ||| FLEEEEING.
   916 | D:2      | Reached skill level 7 in Ranged Weapons
   951 | D:2      | 951 ||| FLEEEEING.
   983 | D:2      | HP: 5/20 [poisoned by an adder]
   983 | D:2      | Slain by an adder

Levels and vault maps discovered:
D:1:      ncdulo_watergridlock, layout_basic
D:2:      layout_basic, basic_altar, serial_glass, glass_columns_b,
          glass_columns_b, minmay_misc_feat_rugged, uniq_natasha

Skill      XL: |  1  2  3 |
---------------+----------+-----
Ranged Weapons | 6 7 |  7.0
Fighting       | |  1.5
Dodging        | |  2.4
Stealth        | |  1.2

Action                     || total
---------------------------++-------
   Fire: Shortbow          ||    83
    Use: Scroll            ||     4
 Armour: Leather armour    ||    11
  Dodge: Dodged            ||    17

Table legend:
 A = Non-vault XP
 B = Vault XP
 C = Vault XP percentage of total XP
 D = Non-vault monster count
 E = Vault monster count
 F = Vault count percentage of total count
                 A         B        C        D         E       F
            +---------+---------+-------+---------+---------+-------
      Total |      69 |       0 |   0.0 |      34 |       0 |   0.0
            +---------+---------+-------+---------+---------+-------
        D:1 |      30 |       0 |   0.0 |      20 |       0 |   0.0
        D:2 |      39 |       0 |   0.0 |      14 |       0 |   0.0
            +---------+---------+-------+---------+---------+-------
